 Dungeon Crawl Stone Soup version 0.29.1-15-g9cfb28693d (webtiles) character file.

Game seed: 3569397164619773182

4 Mickster the Trooper (level 1, 0/14 HPs)
             Began as a Gargoyle Berserker on Mar 9, 2023.
             Was a Follower of Trog.
             Slain by a bat (1 damage)
             ... on level 1 of the Dungeon.
             The game lasted 00:01:21 (102 turns).

Mickster the Trooper (Gargoyle Berserker)            Turns: 102, Time: 00:01:22

Health: 0/14       AC:  4    Str: 20    XL:     1   Next: 60%
Magic:  1/1        EV: 11    Int:  7    God:    Trog [*.....]
Gold:   12         SH:  0    Dex:  9    Spells: 0/0 levels left

rFire   . . .      SeeInvis .   a - +0 mace
rCold   . . .      Faith    .   (no shield)
rNeg    + . .      Spirit   .   b - +0 animal skin
rPois   ∞          Reflect  .   (no helmet)
rElec   +          Harm     .   (no cloak)
rCorr   .          Rampage  .   (no gloves)
Will    .....                   (no boots)
Stlth   +.........              (no amulet)
HPRegen 0.04/turn               (no ring)
MPRegen 0.07/turn               (no ring)

@: no status effects
A: sickness immunity, AC +2, negative energy resistance 1, electricity
resistance, torment resistance 1, petrification resistance
a: Renounce Religion, Berserk


You were on level 1 of the Dungeon.
You worshipped Trog.
Trog was aware of your devotion.
You visited 1 branch of the dungeon, and saw 1 of its levels.

You collected 12 gold pieces.

Inventory:

Hand Weapons
 a - a +0 mace (weapon)
Armour
 b - a +0 animal skin (worn)


   Skills:
 + Level 3.3 Fighting
 * Level 3.1 Maces & Flails
 + Level 2.3 Armour
 + Level 1.5 Dodging


You couldn't memorise any spells.
You didn't know any spells.
Your spell library was empty.

Dungeon Overview and Level Annotations

Branches:
Dungeon (1/15)

Altars:


Innate Abilities, Weirdness & Mutations

You are immune to sickness and miasma.
Your stone body is resilient. (AC +2)
You are immune to poison.
You resist negative energy. (rN+)
You are resistant to electric shocks. (rElec)
You are resistant to unholy torment.
You are immune to petrification.


Message History

A ball python comes into view.
Found a stone staircase leading down.
Found a stone staircase leading down.
Found 5 gold pieces.
A kobold comes into view. It is wielding a +0 whip.
The kobold shouts!
A bat comes into view.
You see here 9 gold pieces.
A frilled lizard comes into view.
The bat barely misses you. The bat attacks as you move away!
The bat barely misses you.
A hobgoblin comes into view.
The hobgoblin shouts!
The bat hits you but does no damage. The bat misses you. The bat hits you.
The kobold hits you but does no damage.
A goblin comes into view. It is wielding a +0 club.
The kobold closely misses you. The bat hits you.
You closely miss the kobold.
The goblin shouts!
The bat hits you but does no damage. The kobold hits you with a +0 whip.
You hit the kobold but do no damage. The bat barely misses you.
The kobold hits you but does no damage.
A kobold comes into view. It is wielding a +0 whip.
You barely miss the kobold.
The kobold shouts!
The bat hits you but does no damage. The kobold barely misses you.
The kobold hits you with a +0 whip.
You hit the kobold but do no damage. The bat completely misses you.
The frilled lizard closely misses you. The kobold hits you with a +0 whip.
* * * LOW HITPOINT WARNING * * *
The hobgoblin closely misses you.
You sock the kobold!
You kill the kobold!
Trog accepts your kill. The bat barely misses you.
The frilled lizard barely misses you. The hobgoblin hits you.
* * * LOW HITPOINT WARNING * * *
The bat hits you.
You die...

,*******,,,*#...,,....,*,,,,,,,,,
,********.###.#.#*#..#,,,***,,**,
,,,,,,,,,,....#.# #..#*,,,,,,∩,,,
,********.##....###..#*,****,,**,
,* *....K.(#....##.#***,,**, ,*
*#......#.#.....**,,,,**, ,*
#..#..g)...######.**,**, **
#..#.#.bl...$.....**,**, *
#..#...@g....###..**,**, **
###..#.###.###S# *,,**,*** ,*
#......###.#**.#**,,**,* * **
#.#........#*,,.*,,,**,* * *
###.##.#.#.....>,.g,*,**,*
#.).##.#.#>#.##.,,#.,,**,*
#.#.#..#...#...,,,,..,**,*
##'###'###+##...S,,,,,,,,,*
#...#...#...#,**#,***********


You could see a hobgoblin, a goblin, a bat, a ball python (wandering), a kobold
and a frilled lizard.

Vanquished Creatures
  An endoplasm (D:1)
  A goblin (D:1)
  A kobold (D:1)
  A rat (D:1)
4 creatures vanquished.

Notes
Turn   | Place    | Note
-------+----------+-------------------------------------------
     0 | D:1      | Mickster the Gargoyle Berserker began the quest for the
                  | Orb.
     0 | D:1      | Reached XP level 1. HP: 14/14 MP: 1/1
   102 | D:1      | Slain by a bat

Illustrated notes

Levels and vault maps discovered:
D:1:      lightli_arrival_quake, layout_loops_ring, serial_shops, shop,
          hellmonk_ecumenical_altar_lost_god

Action                   || total
-------------------------++-------
Melee: Mace              ||    11
  Use: Scroll            ||     1
Armor: Animal skin       ||     6
Dodge: Dodged            ||    13
